 Dungeon Crawl Stone Soup version 0.29-a0-344-ge2f44be95a (webtiles) character file.

Game seed: 1991456692051992272

1373 Dyamorph the Digger (level 8, -3/58 HPs)
             Began as a Gnoll Earth Elementalist on Apr 22, 2022.
             Was a Follower of Lugonu.
             Hit by a javelin thrown by a gnoll sergeant (16 damage)
             ... on level 6 of the Dungeon.
             The game lasted 00:12:00 (6861 turns).

Dyamorph the Digger (Gnoll Earth Elementalist)      Turns: 6861, Time: 00:12:01

Health: -3/58      AC:  4    Str:  8    XL:     8   Next: 66%
Magic:  12/17      EV: 14    Int: 16    God:    Lugonu [*.....]
Gold:   298        SH:  0    Dex: 13    Spells: 15/19 levels left

rFire   . . .      SeeInvis .   c - +2 trident (distort)
rCold   . . .      Faith    .   (no shield)
rNeg    . . .      Spirit   .   b - +0 robe
rPois   .          Reflect  .   (no helmet)
rElec   .          Harm     .   m - +0 cloak
rCorr   .          Rampage  .   v - +0 pair of gloves
Will    .....                   (no boots)
Stlth   +++.......              (no amulet)
HPRegen 0.19/turn               z - +4 ring of slaying
MPRegen 0.15/turn               t - ring of wizardry

@: no status effects
A: fangs 1, strong nose, distributed training
a: Renounce Religion, Depart the Abyss


You were on level 6 of the Dungeon.
You worshipped Lugonu.
Lugonu was aware of your devotion.
You visited 1 branch of the dungeon, and saw 6 of its levels.
You visited the Abyss 1 time.

You collected 298 gold pieces.

Inventory:

Hand Weapons
 c - a +2 trident of distortion (weapon)
 p - a +0 mace
 r - a +0 short sword
 w - a +0 quarterstaff
Missiles
 a - 107 stones
 k - 6 javelins
Armour
 b - a +0 robe (worn)
 m - a +0 cloak (worn)
 v - a +0 pair of gloves (worn)
Jewellery
 o - a ring of protection from cold
 t - a ring of wizardry (right hand)
 z - a +4 ring of slaying (left hand)
Wands
 f - a wand of mindburst (5)
 y - a wand of iceblast (8)
Scrolls
 d - 8 scrolls of identify {unknown}
 h - a scroll of enchant weapon {unknown}
 i - a scroll of immolation {unknown}
 l - 2 scrolls of acquirement {unknown}
 n - a scroll of summoning
 u - a scroll of teleportation
 x - a scroll of silence {unknown}
 A - a scroll of enchant armour {unknown}
Potions
 e - a potion of degeneration
 g - a potion of brilliance {unknown}
 j - 3 potions of curing
 q - 2 potions of flight {unknown}
 s - a potion of heal wounds {unknown}
 B - a potion of attraction {unknown}


   Skills:
 + Level 3.4 Fighting
 + Level 3.4 Short Blades
 + Level 3.4 Long Blades
 + Level 3.4 Axes
 + Level 3.4 Maces & Flails
 + Level 3.4 Polearms
 + Level 3.4 Staves
 + Level 3.4 Slings
 + Level 3.4 Bows
 + Level 3.4 Crossbows
 + Level 3.4 Throwing
 + Level 3.4 Armour
 + Level 5.8 Dodging
 + Level 5.5 Stealth
 + Level 3.4 Shields
 + Level 3.4 Unarmed Combat
 + Level 6.1 Spellcasting
 + Level 2.8 Conjurations
 + Level 2.8 Hexes
 + Level 2.8 Summonings
 + Level 2.8 Necromancy
 + Level 2.8 Translocations
 + Level 3.6 Transmutations
 + Level 2.8 Fire Magic
 + Level 2.8 Ice Magic
 + Level 2.8 Air Magic
 + Level 6.2 Earth Magic
 + Level 2.8 Poison Magic
 + Level 3.8 Invocations
 + Level 3.4 Evocations


You had 15 spell levels left.
You knew the following spells:

 Your Spells              Type           Power      Damage    Failure   Level
a - Sandblast             Erth           48%        2d12      1%          1
b - Stone Arrow           Conj/Erth      38%        3d9       2%          3

Your spell library contained the following spells:

 Spells                   Type           Power      Damage    Failure   Level
 Animate Skeleton         Necr           28%        N/A       1%          1
 Apportation              Tloc           28%        N/A       1%          1
 Slow                     Hex            56%        N/A       1%          1
 Summon Small Mammal      Summ           56%        N/A       1%          1
 Passwall                 Tmut/Erth      16%        N/A       1%          2
 Confusing Touch          Hex            14%        N/A       5%          3
 Tukima's Dance           Hex            14%        N/A       5%          3
 Vampiric Draining        Necr           14%        2d7       5%          3
 Petrify                  Tmut/Erth      20%        N/A       8%          4
 Anguish                  Hex/Necr       7%         N/A       16%         4
 Enfeeble                 Hex            7%         N/A       100%        7


Dungeon Overview and Level Annotations

Branches:
Dungeon (6/15)
 Temple: D:4-7

Altars:
Elyvilon
Fedhas
Makhleb
Qazlal
Ru
Yredelemnul

Shops:
D:3 *   D:6 ?

Annotations:
Abyss:1 Blork the orc


Innate Abilities, Weirdness & Mutations

You have very sharp teeth.
Your uncanny sense of smell can sniff out nearby items.
Your experience applies equally to all skills.


Message History

You hit the orc warrior.
You kill the orc warrior!
Lugonu accepts your kill. Something hits you. The iguana bites you.
The iguana bites you!
* * * LOW HITPOINT WARNING * * *
Something hits you but does no damage.
Items here: $ ) [ †.
You barely miss the iguana.
The iguana is lightly wounded.
Something hits you but does no damage. The iguana bites you.
* * * LOW HITPOINT WARNING * * *
You hit the iguana.
Space warps around the iguana.
The iguana is severely wounded.
Something barely misses you. The iguana bites you.
* * * LOW HITPOINT WARNING * * *
You hit the iguana. You bite the iguana.
You kill the iguana!
Lugonu accepts your kill. Something hits you but does no damage.
Found 6 gold pieces and a shortbow.
You start resting.
Something hits you.
* * * LOW HITPOINT WARNING * * *
There is a strange disturbance nearby!
Casting: Stone Arrow (dangerous; 2% risk of failure)
Confirm with . or Enter, or press ? or * to list all spells.
Aiming: Stone Arrow (dangerous; 2% risk of failure)
Press: ? - help, Shift-Dir - straight line The stone arrow hits something!
Lugonu accepts your kill.
Reactivating autopickup.
You feel a bit more experienced.
You feel your strength returning.
A gnoll sergeant comes into view. It is wielding a +0 trident.
A gnoll sergeant is nearby!
A gnoll sergeant is nearby!
Found Ykurrenu's Magic Scroll Emporium.
It was a potion of curing.
You feel better.
The gnoll sergeant throws a javelin.
The javelin pierces through you!
You die...

#.....#.)...#.. .#.....#...#
##....#[###.#.###.#.###.#...##
##...#....)#.....#.....#.....
##.............).........#.##
##......................##.#
####..#.###.#..(.###.##..### #
........###...g..###.#...###
######.....................#
#.#######..@##........# #.#
###.##........# #.#
#.##........# ######.##
#.####......# ........### #.#
##.#.### ####......# #∩. #.#.#
#.....#.######## #.#.#
#..............# ∆#.#.#
#.#...###.####.# .#.#.#


You could see a gnoll sergeant.

Vanquished Creatures
  A water moccasin (D:5)
  An orc warrior (D:6)
  A sky beast (D:5)
  An ice beast (D:6)
  A centaur (D:5)
  A necrophage (D:4)
  A gnoll sergeant (D:5)
  A howler monkey (D:4)
  2 orc priests
  A gnoll shaman (D:4)
  A hound (D:5)
  A jelly (D:6)
  7 orc wizards
  2 iguanas
  9 gnolls
  A river rat (D:3)
  6 adders
  A shadow imp (D:6)
  3 white imps
  An ufetubus (D:4)
  6 worms
  A dart slug (D:1)
  19 orcs
  3 ball pythons
  5 endoplasms (D:1)
  3 giant cockroaches
  11 goblins
  4 hobgoblins
  7 jackals
  4 quokkas
  8 bats
  2 frilled lizards
  5 kobolds
  6 rats
127 creatures vanquished.

Vanquished Creatures (others)
  A fungus (D:3)
1 creature vanquished.

Grand Total: 128 creatures vanquished

Notes
Turn   | Place    | Note
-------+----------+-------------------------------------------
     0 | D:1      | Dyamorph the Gnoll Earth Elementalist began the quest for
                  | the Orb.
     0 | D:1      | Reached XP level 1. HP: 13/13 MP: 6/6
   155 | D:1      | Reached XP level 2. HP: 20/20 MP: 3/7
   601 | D:1      | Reached XP level 3. HP: 25/25 MP: 7/9
   603 | D:1      | Reached skill level 5 in Spellcasting
  1243 | D:2      | Reached skill level 1 in Invocations
  1816 | D:3      | Reached skill level 1 in Fighting
  1816 | D:3      | Reached skill level 1 in Short Blades
  1816 | D:3      | Reached skill level 1 in Long Blades
  1816 | D:3      | Reached skill level 1 in Axes
  1816 | D:3      | Reached skill level 1 in Maces & Flails
  1816 | D:3      | Reached skill level 1 in Polearms
  1816 | D:3      | Reached skill level 1 in Staves
  1816 | D:3      | Reached skill level 1 in Slings
  1816 | D:3      | Reached skill level 1 in Bows
  1816 | D:3      | Reached skill level 1 in Crossbows
  1816 | D:3      | Reached skill level 1 in Throwing
  1816 | D:3      | Reached skill level 1 in Armour
  1816 | D:3      | Reached skill level 1 in Shields
  1816 | D:3      | Reached skill level 1 in Unarmed Combat
  1816 | D:3      | Reached skill level 1 in Evocations
  1819 | D:3      | Reached XP level 4. HP: 14/32 MP: 3/11
  2108 | D:3      | Reached skill level 1 in Conjurations
  2108 | D:3      | Reached skill level 1 in Hexes
  2108 | D:3      | Reached skill level 1 in Summonings
  2108 | D:3      | Reached skill level 1 in Necromancy
  2108 | D:3      | Reached skill level 1 in Translocations
  2108 | D:3      | Reached skill level 1 in Fire Magic
  2108 | D:3      | Reached skill level 1 in Ice Magic
  2108 | D:3      | Reached skill level 1 in Air Magic
  2108 | D:3      | Reached skill level 1 in Poison Magic
  2227 | D:3      | Found a stormy altar of Qazlal.
  2228 | D:3      | Found a blossoming altar of Fedhas.
  2434 | D:3      | Reached XP level 5. HP: 33/37 MP: 4/12
  2760 | D:3      | Found Xagaad's General Store.
  3447 | D:4      | Found a white marble altar of Elyvilon.
  3882 | D:4      | Reached XP level 6. HP: 42/44 MP: 10/13
  3981 | D:4      | Found a sacrificial altar of Ru.
  3995 | D:4      | Reached skill level 5 in Dodging
  4537 | D:5      | Entered Level 5 of the Dungeon
  4666 | D:4      | Learned a level 3 spell: Stone Arrow
  4925 | D:5      | Reached XP level 7. HP: 48/50 MP: 5/15
  5097 | D:5      | Found a burning altar of Makhleb.
  5312 | D:5      | Cast into level 1 of the Abyss (gnoll sergeant)
  5312 | Abyss:1  | Found a corrupted altar of Lugonu.
  5316 | Abyss:1  | Became a worshipper of Lugonu the Unformed
  5316 | Abyss:1  | Reached * piety under Lugonu
  5376 | D:5      | Escaped the Abyss
  6090 | D:5      | Reached skill level 5 in Stealth
  6100 | D:5      | Reached XP level 8. HP: 57/57 MP: 16/16
  6359 | D:5      | Found a basalt altar of Yredelemnul.
  6744 | D:6      | Noticed Blork the orc
  6754 | D:6      | Banished Blork the orc
  6845 | D:6      | HP: 1/58 [iguana (6)]
  6852 | D:6      | HP: 2/58 [something (1)]
  6859 | D:6      | Found Ykurrenu's Magic Scroll Emporium.
  6861 | D:6      | Hit by a javelin thrown by a gnoll sergeant

Illustrated notes

Levels and vault maps discovered:
D:1:      erik_arrival_cave_to_civilisation [erik_arrival_cave_to_hall],
          layout_loops_ring
D:2:      layout_loops_cross
D:3:      layout_loops_ring, grunt_temple_overflow_forces_of_nature,
          gup_sewer_entry_spiral, serial_shops, nicolae_shop_trees
D:4:      cheibrodos_helix_gallery, layout_loops_cross,
          nicolae_ru_sacrificial_ziggurat, nicolae_elyvilon_peaceful_grove,
          hangedman_decor_growths
D:5:      layout_layer_cave, old_standard_altar, mainiacjoe_overflow_catwalk
D:6:      hangedman_cross_stitches, layout_loops_ring, tso_altar,
          minmay_temple_entry_nine_rooms, serial_shops, shop, water_maze_lemuel,
          uniq_blork_the_orc

Skill      XL: |  1  2  3  4  5  6  7  8 |
---------------+-------------------------+-----
Transmutations | 2 3 |  3.6
Spellcasting   | 5 6 |  6.1
Invocations    | 1 2 3 |  3.8
Fighting       | 1 2 3 |  3.4
Short Blades   | 1 2 3 |  3.4
Long Blades    | 1 2 3 |  3.4
Axes           | 1 2 3 |  3.4
Maces & Flails | 1 2 3 |  3.4
Polearms       | 1 2 3 |  3.4
Staves         | 1 2 3 |  3.4
Slings         | 1 2 3 |  3.4
Bows           | 1 2 3 |  3.4
Crossbows      | 1 2 3 |  3.4
Throwing       | 1 2 3 |  3.4
Armour         | 1 2 3 |  3.4
Shields        | 1 2 3 |  3.4
Unarmed Combat | 1 2 3 |  3.4
Evocations     | 1 2 3 |  3.4
Conjurations   | 1 2 |  2.8
Hexes          | 1 2 |  2.8
Summonings     | 1 2 |  2.8
Necromancy     | 1 2 |  2.8
Translocations | 1 2 |  2.8
Fire Magic     | 1 2 |  2.8
Ice Magic      | 1 2 |  2.8
Air Magic      | 1 2 |  2.8
Poison Magic   | 1 2 |  2.8
Dodging        | 5 |  5.8
Stealth        | 5 |  5.5
Earth Magic    | 6 |  6.2

Action                   |  1- 3 |  4- 6 |  7- 9 || total
-------------------------+-------+-------+-------++-------
Melee: Unarmed           |    14 |     6 |       ||    20
       Bite              |     4 |     1 |     8 ||    13
       Short sword       |       |    11 |       ||    11
       Quarterstaff      |       |     9 |       ||     9
       Trident           |       |       |    65 ||    65
 Cast: Sandblast         |    56 |    84 |     4 ||   144
       Stone Arrow       |       |     8 |    21 ||    29
Invok: Depart the Abyss  |       |       |     1 ||     1
  Use: Scroll            |       |     6 |       ||     6
       Potion            |       |       |     4 ||     4
 Stab: Sleeping          |       |     1 |     7 ||     8
Armor: Robe              |     3 |    12 |    16 ||    31
Dodge: Dodged            |    21 |    34 |    40 ||    95

Table legend: (Time is in decaauts)
 A = Elapsed time spent in this place.
 B = Non-inter-level travel time spent in this place.
 C = Inter-level travel time spent in this place.
 D = Time resting spent in this place.
 E = Time spent auto-exploring this place.
 F = Levels seen in this place.
 G = Mean time per level.
                   A        B        C        D        E       F      G
               +--------+--------+--------+--------+--------+-----+--------+
         Total |   6892 |   6747 |    145 |    769 |   4820 |   7 |  984.6 |
       Dungeon |   6828 |   6683 |    145 |    715 |   4820 |   6 | 1138.0 |
         Abyss |     63 |     63 |      0 |     54 |      0 |   1 |   63.0 |
               +--------+--------+--------+--------+--------+-----+--------+

Top non-repeatable levels by time:
     D:5: 1969 daAuts
     D:3: 1346 daAuts
     D:4: 1201 daAuts
     D:1: 1128 daAuts
     D:2: 916 daAuts
     D:6: 266 daAuts
 Abyss:1: 63 daAuts
